 Dungeon Crawl Stone Soup version 0.24.1-14-gf8d2b509d9 (webtiles) character file.

Game seed: 9687620800651477194, levelgen mode: deterministic

1479 Froggeryz the Slicer (level 8, -3/50 HPs)
             Began as an Octopode Assassin on Mar 27, 2022.
             Was an Initiate of Gozag.
             Killed themself with a badly aimed fireball (6 damage)
             ... on level 7 of the Dungeon.
             The game lasted 00:09:31 (7468 turns).

Froggeryz the Slicer (Octopode Assassin)            Turns: 7468, Time: 00:09:32

Health: -3/50      AC:  1    Str: 10    XL:     8   Next: 79%
Magic:  17/17      EV: 13    Int: 13    God:    Gozag
Gold:   720        SH:  0    Dex: 16    Spells: 7/7 levels left

rFire    . . .     SeeInvis .   a - +2 dagger
rCold    . . .     Gourm    .   (no shield)
rNeg     . . .     Faith    .   (helmet restricted)
rPois    .         Spirit   .   (no amulet)
rElec    .         Reflect  .   m - ring of magical power
rCorr    .         Harm     .   (no ring)
MR       .....                  (no ring)
Stlth    ++++......             (no ring)
HPRegen  0.16/turn              (no ring)
MPRegen  0.15/turn              (no ring)
                                (no ring)
                                (no ring)

@: slowed, very slow
A: almost no armour, stealthy swim, amphibious, 8 rings, constrict 8, camouflage
1, gelatinous body 1
a: Potion Petition, Call Merchant, Bribe Branch, Renounce Religion


You were on level 7 of the Dungeon.
You worshipped Gozag.
Gozag was pleased with you.
You were near starving.

You visited 2 branches of the dungeon, and saw 8 of its levels.

You collected 776 gold pieces.
You paid 56 gold pieces to Gozag.

Inventory:

Hand Weapons
 a - a +2 dagger (weapon)
 j - a +1 dagger of holy wrath
 y - the +1 spear of Symmetry {pierce, rPois rC+}
   (You found it on level 4 of the Dungeon)

   It inflicts extra damage upon your enemies.
   It protects you from cold.
   It protects you from poison.
Missiles
 b - 23 poisoned darts (quivered)
 c - 2 curare-tipped darts
 k - 8 atropa-tipped darts
 u - 8 boomerangs
 D - 4 silver boomerangs
Jewellery
 m - a ring of magical power (left tentacle)
 B - an uncursed amulet of the gourmand {unknown}
 F - a cursed ring of positive energy {unknown}
Wands
 s - a wand of random effects (14)
Scrolls
 f - a scroll of magic mapping
 g - 5 scrolls of teleportation
 h - 2 scrolls of fear
 l - 3 scrolls of blinking
 o - 3 scrolls of remove curse
 q - 3 scrolls of enchant armour
 r - a scroll of fog
 C - a scroll of amnesia
Potions
 e - 2 potions of lignification
 i - a potion of haste
 n - a potion of degeneration {unknown}
 p - a potion of flight
 t - a potion of curing {unknown}
 v - a potion of brilliance {unknown}
 w - a potion of mutation {unknown}
 x - a potion of agility {unknown}
 z - a potion of berserk rage
 A - a potion of heal wounds
 E - a potion of ambrosia {unknown}
Comestibles
 d - 10 rations


   Skills:
 - Level 2.0 Fighting
 + Level 9.6 Short Blades
 + Level 5.2 Throwing
 - Level 1.0 Dodging
 - Level 5.3 Stealth


You had 7 spell levels left.
You didn't know any spells.
Your spell library contained the following spells:

 Spells                   Type           Power        Failure   Level  Hunger
 Flame Tongue             Conj/Fire      #....        30%         1    ##.....


Dungeon Overview and Level Annotations

Branches:
Dungeon (7/15)             Temple (1/1) D:4

Altars:
Ashenzari
Cheibriados
Dithmenos
Elyvilon
Fedhas
Gozag
Hepliaklqana
Kikubaaqudgha
Makhleb
Okawaru
Qazlal
Ru
Sif Muna
Trog
Uskayaw
Vehumet
Xom
The Shining One

Shops:
D:4 *

Annotations:
D:5 2 transporters, 2 runed translucent doors, Chiseanne's ghost, amateur GnWn


Innate Abilities, Weirdness & Mutations

You cannot wear most types of armour.
You are very stealthy in the water. (Stealth+)
You are amphibious.
You can wear up to eight rings at the same time.
You can use your tentacles to constrict eight enemies at once.
Your skin changes colour to match your surroundings (Stealth+).
Your rubbery body absorbs attacks. (AC +1, EV +1)


Message History

You hit the hornet.
The hornet is heavily wounded.
You constrict the hornet, but do no damage.
The hornet stings you.
* * * LOW HITPOINT WARNING * * *
You feel as though you will be slow longer.
You completely miss the hornet. You squeeze the hornet.
The hornet is heavily wounded.
You constrict the hornet. The hornet stings you!
* * * LOW HITPOINT WARNING * * *
You feel as though you will be slow longer.
Evoke which item? (* to show all) (? for menu, Esc to quit)
Aiming: Random Effects
Press: ? - help, Shift-Dir - straight line, f - hornet
Aim: a hornet (heavily wounded, constricted by you)
The fireball explodes!
The fireball engulfs the hornet!
The hornet is severely wounded.
The fireball engulfs you.
You die...
Your body crumbles into a pile of gold.

##### # .# #...###.#
... ###$(....... ###
.... ..#.....#..##..##
..... .....# #.......#
......##..####........
......y@..............
......#...............
..... #.#.............
......#.#.............
......................
......##.##...##....##
. ...# #. ##<## .....
.# ..# #.## .... ..
..# #..# ...


You could see a hornet.

Vanquished Creatures
  Eustachio (D:5)
  Edmund (D:5)
  An ice beast (D:5)
  An ogre (D:6)
  3 scorpions
  A howler monkey (D:5)
  A crimson imp (D:5)
  A hound (D:5)
  An orc priest (D:6)
  4 iguanas
  A jelly (D:3)
  Ijyb (D:3)
  Natasha (thrice) (D:3)
  7 orc wizards (D:6)
  5 worker ants
  A hound skeleton (D:5)
  7 gnolls (D:5)
  3 shadow imps (D:5)
  An ooze (D:6)
  An adder zombie (D:5)
  An adder skeleton (D:4)
  6 worms
  3 dart slugs
  5 leopard geckos
  7 orcs
  4 giant cockroaches
  5 goblins
  6 hobgoblins
  9 jackals
  5 kobolds
  2 quokkas
  3 bats
  5 frilled lizards
  9 rats
115 creatures vanquished.

Notes
Turn   | Place    | Note
-------+----------+-------------------------------------------
     0 | D:1      | Froggeryz the Octopode Assassin began the quest for the
                  | Orb.
     0 | D:1      | Reached XP level 1. HP: 14/14 MP: 1/1
   312 | D:1      | Reached XP level 2. HP: 19/19 MP: 2/2
   429 | D:1      | Reached skill level 3 in Short Blades
   900 | D:2      | Reached XP level 3. HP: 19/24 MP: 3/3
   960 | D:2      | Noticed a moth of wrath
   963 | D:2      | Found a bloodstained altar of Trog.
  1894 | D:2      | Reached skill level 4 in Short Blades
  2563 | D:3      | Reached XP level 4. HP: 29/29 MP: 4/4
  2596 | D:3      | Noticed Natasha
  2603 | D:3      | Killed Natasha
  2818 | D:3      | Noticed Natasha
  2838 | D:3      | Killed Natasha
  2838 | D:3      | Reached skill level 5 in Short Blades
  2838 | D:3      | Reached XP level 5. HP: 24/34 MP: 5/5
  3021 | D:3      | Noticed Natasha
  3031 | D:3      | Killed Natasha
  3115 | D:3      | Found a hide-covered altar of Uskayaw.
  3244 | D:3      | Noticed Ijyb
  3258 | D:3      | Killed Ijyb
  3684 | D:4      | Found a staircase to the Ecumenical Temple.
  3717 | Temple   | Entered the Ecumenical Temple
  3787 | Temple   | Became a worshipper of Gozag Ym Sagoz the Greedy
  3854 | D:4      | Found a burning altar of Makhleb.
  3917 | D:4      | Got a transparent spear
  3918 | D:4      | Identified the cursed +1 spear of Symmetry {pierce, rPois
                  | rC+} (You found it on level 4 of the Dungeon)
  4012 | D:4      | Found Ineer's General Store.
  4167 | D:4      | Reached skill level 6 in Short Blades
  4167 | D:4      | Reached XP level 6. HP: 19/39 MP: 6/6
  4243 | D:5      | Entered Level 5 of the Dungeon
  4243 | D:5      | Found a transporter.
  4243 | D:5      | Found a transporter.
  4243 | D:5      | Noticed Chiseanne's ghost (amateur GnWn)
  4436 | D:5      | Found a blossoming altar of Fedhas.
  4575 | D:5      | Noticed Edmund
  4591 | D:5      | Killed Edmund
  4591 | D:5      | Reached skill level 7 in Short Blades
  4591 | D:5      | Reached XP level 7. HP: 6/45 MP: 7/7
  4842 | D:5      | Noticed Eustachio
  4860 | D:6      | Found a shimmering altar of Xom.
  5209 | D:5      | Killed Eustachio
  5209 | D:5      | Reached skill level 8 in Short Blades
  5240 | D:5      | Found a runed translucent door.
  5538 | D:5      | Found a runed translucent door.
  5560 | D:5      | Noticed a soldier ant
  5643 | D:5      | Found a shadowy altar of Dithmenos.
  5762 | D:5      | Reached XP level 8. HP: 43/50 MP: 8/8
  5906 | D:6      | Reached skill level 9 in Short Blades
  6661 | D:6      | Found an ancient bone altar of Kikubaaqudgha.
  6677 | D:6      | Found a shimmering blue altar of Sif Muna.
  6692 | D:6      | Found a radiant altar of Vehumet.
  6808 | D:6      | Identified Vehumet's Disquisition on Confrontation
  7006 | D:6      | Reached skill level 5 in Throwing
  7456 | D:7      | Noticed a hornet
  7468 | D:7      | Killed themself with a badly aimed fireball

Levels and vault maps discovered:
D:1:      lightli_arrival_noodles, layout_loops_ring,
          chequers_serial_rivers_micro_d
D:2:      layout_loops_ring, tgw_trog
D:3:      layout_basic, eat_drink_and_be_merry_uskayaw, uniq_natasha, uniq_ijyb
D:4:      layout_basic, lemuel_round_altar, minmay_temple_entry_glassed_door,
          serial_shops, nicolae_shop_temple_entry_statues_fountains,
          abandoned_shop
D:5:      lemuel_insect_pit, layout_loops_ring, lemuel_doored_altar,
          first_ration, gammafunk_ghost_smash, grunt_ministairs_1,
          fedhas_ov_isle_minmay, uniq_edmund, uniq_eustachio
D:6:      layout_basic, palyth_temple_overflow_mages, basic_altar,
          nicolae_ossuary_entry_monument
D:7:      layout_cave_pools, dk_vineyard_3
Temple:   eino_temple_lava

Skill      XL: |  1  2  3  4  5  6  7  8 |
---------------+-------------------------+-----
Short Blades   | 3 4 5 6 7 8 9 |  9.6
Throwing       | 3 5 |  5.2
Fighting       | |  2.0
Dodging        | |  1.0
Stealth        | |  5.3

Action                   |  1- 3 |  4- 6 |  7- 9 || total
-------------------------+-------+-------+-------++-------
Melee: Dagger            |    77 |   102 |   222 ||   401
       Constrict         |    19 |    16 |    25 ||    60
       Tentacles         |    11 |    19 |    36 ||    66
Throw: Dart              |       |       |     9 ||     9
Invok: Potion Petition   |       |       |     1 ||     1
Evoke: Wand              |       |     5 |     5 ||    10
  Use: Scroll            |       |     8 |     1 ||     9
       Potion            |       |       |     6 ||     6
 Stab: Sleeping          |    10 |     9 |    11 ||    30
       Distracted        |     1 |       |     1 ||     2
  Eat: Chunk             |     5 |     3 |       ||     8
       Ration            |       |     1 |     2 ||     3
Armor: Skin              |     3 |     2 |    75 ||    80
Dodge: Dodged            |    39 |    49 |    72 ||   160
